 Dungeon Crawl Stone Soup version 0.31.0-32-g396128a36d (webtiles) character file.

Game seed: 14213707612871163990

4364 Dvallin the Grappler (level 10, -9/90 HPs)
             Began as a Naga Shapeshifter on Mar 31, 2024.
             Was an Initiate of Ru.
             Mangled by a merfolk
             ... wielding a +0 heavy trident
              (26 damage)
             ... on level 8 of the Dungeon.
             The game lasted 00:19:41 (8270 turns).

Dvallin the Grappler (Naga Shapeshifter)            Turns: 8270, Time: 00:19:42

Health: -9/90      AC:  4    Str: 16    XL:     10   Next: 34%
Magic:  10/10      EV: 19    Int: 11    God:    Ru [......]
Gold:   442        SH:  0    Dex: 15    Spells: 9/9 levels left

rFire   . .          .
                       - Unarmed
rCold   . . .        (shield currently unavailable)
rNeg    . . .        a - melded +0 animal skin
rPois   +            (no helmet)
rElec   .            B - +0 cloak
rCorr   +            (no gloves)
SInv    +            (no barding)
Will    ++...        (no amulet)
Stlth   ++           D - +5 ring of evasion
HPRegen 0.35/turn    F - ring "Afokkiawki" {Will+ rCorr Slay+2}
MPRegen 0.12/turn

%: no passive effects
@: flux-form, glowing, very slow
A: glow, contaminating, AC +3, large, see invisible, deformed body, poison
resistance, slowness 2, spit poison 1, naga tail 1
a: Spit Poison, Begin Untransformation, Renounce Religion


You were on level 8 of the Dungeon.
You worshipped Ru.
Ru was noncommittal.
You were something dangerously unstable.
You visited 2 branches of the dungeon, and saw 9 of its levels.
You also visited: Sewer.

You collected 442 gold pieces.

Inventory:

Missiles
 C - 2 throwing nets
Armour
 a - a +0 animal skin (melded)
 B - a +0 cloak (worn)
Jewellery
 h - a ring of ice
 t - the ring "Imasi" {Fire Str-3 Int+7}
   (You found it on level 4 of the Dungeon)

   [ring of fire]

   Fire:      It enhances your fire magic.
   Str-3:     It affects your strength (-3).
   Int+7:     It affects your intelligence (+7).
   rF+:       It protects you from fire.
   rC-:       It makes you vulnerable to cold.
 w - a ring of willpower
 D - a +5 ring of evasion (left hand)
 F - the ring "Afokkiawki" (right hand) {Will+ rCorr Slay+2}
   (You took it off a wight on level 7 of the Dungeon)

   [ring of willpower]

   Slay+2:    It affects your accuracy & damage with ranged weapons and melee
   (+2).
   Will+:     It increases your willpower.
   rCorr:     It protects you from acid and corrosion.
Talismans
 c - a beast talisman
 d - a flux talisman (active)
 G - a blade talisman
 H - a serpent talisman
Scrolls
 e - 3 scrolls of noise
 i - 2 scrolls of immolation
 l - 2 scrolls of identify
 m - a scroll of brand weapon {unknown}
 n - 2 scrolls of summoning {unknown}
 o - a scroll of vulnerability {unknown}
 s - 4 scrolls of teleportation
 v - 2 scrolls of enchant armour {unknown}
 x - a scroll of enchant weapon {unknown}
 y - a scroll of blinking {unknown}
 E - a scroll of fear {unknown}
Potions
 b - 4 potions of lignification
 f - 2 potions of curing
 g - a potion of mutation {unknown}
 j - 3 potions of resistance {unknown}
 k - a potion of brilliance {unknown}
 p - 5 potions of attraction {unknown}
 q - 2 potions of heal wounds {unknown}
 r - 3 potions of haste {unknown}
 u - 3 potions of degeneration {unknown}
 z - 2 potions of might {unknown}
 A - a potion of magic {unknown}


   Skills:
 + Level 5.6 Fighting
 - Level 2.0 Dodging
 + Level 8.1 Stealth
 * Level 9.6 Unarmed Combat
 + Level 8.5 Shapeshifting


You had 9 spell levels left.
You didn't know any spells.
Your spell library contained the following spells:

 Spells                   Type           Power      Damage    Failure   Level
 Sandblast                Erth           0%         2d4       34%         1
 Passwall                 Erth           0%         N/A       71%         3
 Stone Arrow              Conj/Erth      0%         3d7       71%         3
 Brom's Barrelling Bould  Conj/Erth      0%         2d3       98%         4
 Cause Fear               Hex            0%         N/A       98%         4
 Fireball                 Conj/Fire      0%         3d3       100%        5
 Dragon's Call            Summ           0%         N/A       100%        9


Dungeon Overview and Level Annotations

Branches:
Dungeon (8/15)             Temple (1/1) D:7           Sewer (visited)
   Lair: D:8-11

Altars:
Cheibriados
Dithmenos
Elyvilon
Fedhas
Hepliaklqana
Kikubaaqudgha
Makhleb
Nemelex Xobeh
Okawaru
Qazlal
Ru
Sif Muna
Uskayaw
Vehumet
Wu Jian
Xom
Yredelemnul
The Shining One

Shops:
D:2 *   D:6 *

Portals:
Abyss: D:6

Annotations:
D:4 2 runed translucent doors
D:6 2 transporters, seawaffle's ghost, novice MiBe


Innate Abilities, Weirdness & Mutations

You are something dangerously unstable.
You glow with magical radiation, making you easy to see and hit.
Foes you strike become dangerously contaminated with magical radiation.
You are incapable of wielding weapons or throwing items.
Your serpentine skin is tough. (AC +3)
You have supernaturally acute eyesight. (SInv)
Armour fits poorly on your strangely shaped body.
Your system is resistant to poisons. (rPois)
You cover ground very slowly.
You can spit poison.
You have a snake-like lower body.


Message History

The merfolk shouts!
You punch the water elemental!
The water elemental shudders as magic cascades through it!
The water elemental is severely damaged.
A water elemental comes into view.
The water elemental misses you.
You hit the water elemental.
The water elemental begins to glow.
The water elemental is severely damaged.
The water elemental hits you!
The water elemental engulfs you in water!
An electric eel comes into view.
A water elemental comes into view.
You hit the water elemental but do no damage.
The water elemental glows dangerously bright.
The water elemental is severely damaged.
Your lungs strain for air!
The electric eel shoots out a bolt of lightning at you!
The bolt of electricity hits the water elemental.
The water elemental resists.
The bolt of electricity misses you. The water elemental hits you.
You hit the water elemental.
The water elemental shudders as magic cascades through it!!
You destroy the water elemental!
The water engulfing you falls away.
You gasp with relief as air once again reaches your lungs.
The electric eel shoots out a bolt of lightning at you!
The bolt of electricity misses you.
You close the door.
A merfolk opens the door.
You close the door.
A merfolk opens the door.
You close the door.
A merfolk breaks down the door.
It's broken and can't be closed.
It's broken and can't be closed.
The merfolk attacks as it pursues you!
The merfolk hits you from afar with a +0 heavy trident!!
* * * LOW HITPOINT WARNING * * *
The merfolk attacks as it pursues you!
The merfolk hits you from afar with a +0 heavy trident!
* * * LOW HITPOINT WARNING * * *
The merfolk attacks as it pursues you!
The merfolk hits you from afar with a +0 heavy trident!!
You die...

##+## ##...##
##.....#####
##.......#.$.
#..........##
+....p.......
#..........##
##...m...#.#
##.E...##
##...## ##E##
#.# ..# ~~.#


You could see a merfolk and 2 water elementals.

Vanquished Creatures
  A two-headed ogre (D:7)
  Sigmund (D:6)
  A water elemental (D:8)
  Edmund (D:6)
  A water moccasin (D:7)
  2 sky beasts
  An orc warrior (D:7)
  2 ogres
  5 ice beasts
  3 centaurs (D:7)
  2 phantoms
  A kobold brigand (D:6)
  Blork the orc (D:5)
  5 bullfrogs
  2 scorpions (D:5)
  6 wights (D:7)
  2 howler monkeys
  A bombardier beetle (D:5)
  A gnoll bouda (D:5)
  2 hounds
  3 orc priests
  5 jellies
  6 iguanas
  3 orc wizards
  Natasha (D:3)
  5 gnolls
  12 adders
  6 river rats
  A shadow imp (D:6)
  4 ufetubi (D:6)
  4 dart slugs
  4 ribbon worms
  30 orcs
  15 ball pythons
  8 bats
  6 endoplasms
  3 giant cockroaches
  6 goblins
  9 hobgoblins
  17 kobolds
  5 quokkas
  2 frilled lizards
  25 rats
221 creatures vanquished.

Notes
Turn   | Place    | Note
-------+----------+-------------------------------------------
     0 | D:1      | Dvallin the Naga Shapeshifter began the quest for the Orb.
     0 | D:1      | Reached XP level 1. HP: 18/18 MP: 1/1
   140 | D:1      | Reached XP level 2. HP: 25/25 MP: 2/2
   529 | D:2      | Reached XP level 3. HP: 31/31 MP: 3/3
   589 | D:2      | Identified the +1 ring mail of the Sailor {Int+4 Stlth+}
   871 | D:2      | Reached XP level 4. HP: 39/39 MP: 4/4
  1086 | D:2      | Found Konebrin's Assorted Antiques.
  1290 | D:3      | Found a blossoming altar of Fedhas.
  1653 | D:3      | Noticed Natasha
  1656 | D:3      | Killed Natasha
  1657 | D:3      | Reached skill level 4 in Unarmed Combat
  1657 | D:3      | Reached XP level 5. HP: 45/45 MP: 5/5
  2285 | D:4      | Noticed an ogre
  2315 | D:4      | Reached XP level 6. HP: 52/52 MP: 6/6
  2390 | D:4      | Reached skill level 5 in Unarmed Combat
  2408 | D:4      | Reached skill level 5 in Shapeshifting
  2520 | D:4      | Found a hide-covered altar of Uskayaw.
  2548 | D:4      | Identified the ring "Imasi" {Fire Str-3 Int+7}
  2612 | D:4      | Found a large runed translucent door.
  2612 | D:4      | Found a large runed translucent door.
  2615 | D:4      | Found a shimmering altar of Xom.
  2624 | D:4      | Reached XP level 7. HP: 15/60 MP: 7/7
  3423 | D:4      | Reached skill level 6 in Unarmed Combat
  3526 | D:5      | Entered Level 5 of the Dungeon
  3526 | D:5      | Noticed Blork the orc
  3557 | D:5      | Killed Blork the orc
  4030 | D:5      | Reached XP level 8. HP: 59/67 MP: 8/8
  4280 | D:6      | Reached skill level 1 in Stealth
  4482 | D:6      | Found a glowing drain.
  4490 | Sewer    | Entered a sewer
  5142 | D:6      | Reached skill level 7 in Unarmed Combat
  5159 | D:6      | Found Yttuidaq's Mayhem Merchandise.
  5166 | D:6      | Found a transporter.
  5179 | D:6      | Reached XP level 9. HP: 64/76 MP: 9/9
  5224 | D:6      | Noticed a hell hog
  5275 | D:6      | Noticed Sigmund
  5290 | D:6      | Killed Sigmund
  5295 | D:6      | Reached skill level 5 in Stealth
  5580 | D:6      | Noticed Edmund
  5591 | D:6      | Killed Edmund
  5680 | D:6      | Reached skill level 8 in Unarmed Combat
  5720 | D:6      | Noticed seawaffle's ghost (novice MiBe)
  5732 | D:6      | Found a transporter.
  5822 | D:6      | Found a one-way gate to the infinite horrors of the Abyss.
  6609 | D:7      | HP: 3/78 [centaur/arrow (16)]
  7461 | D:7      | Reached skill level 5 in Fighting
  7471 | D:7      | Identified the ring "Afokkiawki" {Will+ rCorr Slay+2}
  7483 | D:7      | Reached skill level 9 in Unarmed Combat
  7483 | D:7      | Reached XP level 10. HP: 44/87 MP: 10/10
  7612 | D:7      | Found a staircase to the Ecumenical Temple.
  7621 | Temple   | Entered the Ecumenical Temple
  7641 | Temple   | Became a worshipper of Ru the Awakened
  8227 | D:8      | Noticed a two-headed ogre
  8238 | D:7      | Killed a two-headed ogre
  8270 | D:8      | Mangled by a merfolk

Illustrated notes

Levels and vault maps discovered:
D:1:      scummos_arrival_simple_fountains, layout_rooms,
          chequers_serial_rivers_large_a, minmay_cupped
D:2:      layout_loops_cross, serial_shops, shop
D:3:      layout_loops_ring, mainiacjoe_overflow_catwalk, uniq_natasha
D:4:      due_chaos_kobolds, layout_basic, nicolae_uskayaw_suspiria
D:5:      layout_cave_pools, minivault_11, uniq_blork_the_orc
D:6:      layout_loops_cross, gammafunk_ghost_abyssal_escape,
          portal_sewer_entry_b, minmay_shop_mayhem, uniq_edmund, uniq_sigmund
D:7:      corexii_shack_village, layout_basic, minmay_temple_entry_mini_moons,
          minivault_26
D:8:      layout_loops_corners, kennysheep_mini_moat,
          gammafunk_temple_overflow_statue, ebering_ghost_disaster_area,
          nicolae_rank_and_phial
Temple:   eino_temple_rhombus

Skill      XL: |  1  2  3  4  5  6  7  8  9 10 |
---------------+-------------------------------+-----
Dodging        | 2 |  2.0
Fighting       | 2 3 5 |  5.6
Unarmed Combat | 4 5 6 7 9 |  9.6
Shapeshifting  | 4 5 6 7 8 |  8.5
Stealth        | 4 7 8 |  8.1

Action                     |  1- 3 |  4- 6 |  7- 9 | 10-12 || total
---------------------------+-------+-------+-------+-------++-------
  Melee: Unarmed           |    70 |   118 |   392 |    39 ||   619
         Punch             |     1 |     2 |     3 |       ||     6
Ability: Spit Poison       |    19 |    30 |    46 |     4 ||    99
    Use: Potion            |       |       |     3 |       ||     3
         Scroll            |       |       |     4 |       ||     4
   Stab: Sleeping          |       |     1 |     1 |       ||     2
 Armour: Animal skin       |    40 |    54 |    51 |       ||   145
         Skin              |       |       |   192 |    16 ||   208
  Dodge: Dodged            |    55 |    56 |   353 |    32 ||   496
   Form: Flux              |       |       |     1 |       ||     1
